 Dungeon Crawl Stone Soup version 0.31.0-32-g396128a36d (webtiles) character file.

Game seed: 10083691003267719474

3966 booth the Firebug (level 10, -6/77 HPs)
             Began as a Demonspawn Wanderer on Mar 13, 2024.
             Was a Believer of Ashenzari.
             Mangled by Grum
             ... wielding a -1 halberd
              (18 damage)
             ... on level 8 of the Dungeon.
             The game lasted 01:13:53 (9030 turns).

booth the Firebug (Demonspawn Wanderer)             Turns: 9030, Time: 01:13:54

Health: -6/77      AC:  9    Str: 10    XL:     10   Next: 2%
Magic:  19/19      EV: 15    Int: 14    God:    Ashenzari [**....]
Gold:   329        SH:  0    Dex: 18    Spells: 8/21 levels left

rFire   + . .        z - staff of fire
rCold   . . .        (no shield)
rNeg    . . .        B - +1 steam dragon scales
rPois   .            (helmet restricted)
rElec   .            (no cloak)
rCorr   .            (no gloves)
SInv    +            m - +2 pair of boots of the Cursed Sage {Bglg, Sorc} (curse)
Will    .....        M - amulet "Behold Eternity" {RegenMP, Sorc, Comp} (curse)
Stlth   ++           p - ring "Per Aspera Ad Scientiam" {Wiz, Melee, Self} (curse)
HPRegen 1.32/turn    (no ring)
MPRegen 0.56/turn

%: wizardry (x1)
@: about to teleport
A: hooves 1, horns 1, ignite blood 1, powered by death 1, demonic touch 1
a: Renounce Religion, Shatter the Chains


You were on level 8 of the Dungeon.
You worshipped Ashenzari.
Ashenzari was pleased with you.
You visited 2 branches of the dungeon, and saw 9 of its levels.
You also visited: Sewer.

You collected 329 gold pieces.

Inventory:

Hand Weapons
 E - a +1 dagger of venom
 F - a +1 short sword of draining
 J - a +1 whip of electrocution
Missiles
 h - 43 poisoned darts
 j - 10 boomerangs (quivered)
Armour
 b - a +2 leather armour of willpower
 e - a +0 leather armour
 m - the cursed +2 pair of boots of the Cursed Sage (worn) {Bglg, Sorc}
   (You found it on level 1 of the Dungeon)

   It has a curse which improves the following skills: Beguiling: Hexes and
   Translocations.
   Sorcery:   Conjurations and Alchemy.
 r - the +0 robe "Farph" {+Blink}
   (You found it on level 2 of the Dungeon)

   +Blink:    It lets you blink.
 B - +1 steam dragon scales (worn)
 L - a +0 cloak
Magical Staves
 z - a staff of fire (weapon)
Jewellery
 p - the cursed ring "Per Aspera Ad Scientiam" (left hand) {Wiz, Melee, Self}
   (You found it on level 4 of the Dungeon)

   [ring of wizardry]

   Wiz:       It improves your spell success rate.
   It has a curse which improves the following skills: Melee Combat: Short
   Blades, Long Blades, Axes, Maces & Flails, Polearms, Staves and Unarmed
   Combat.
   Introspection: Fighting and Spellcasting.
 D - a ring of fire
 M - the cursed amulet "Behold Eternity" (around neck) {RegenMP, Sorc, Comp}
   (You found it on level 8 of the Dungeon)

   [amulet of magic regeneration]

   RegenMP:   It increases your rate of magic regeneration.
   It has a curse which improves the following skills: Sorcery: Conjurations and
   Alchemy.
   Companions: Summonings and Necromancy.
Wands
 d - a wand of digging (1)
 u - a wand of light (19)
 C - a wand of roots (16)
 G - a wand of mindburst (14)
 I - a wand of paralysis (7)
 K - a wand of flame (12)
Scrolls
 a - a scroll of silence
 o - 6 scrolls of teleportation
 s - 3 scrolls of noise
 v - a scroll of amnesia
 x - a scroll of vulnerability
 y - 3 scrolls of fog
 H - a scroll of revelation
Potions
 c - 2 potions of brilliance
 f - a potion of mutation
 g - 3 potions of heal wounds
 i - 3 potions of lignification
 k - 2 potions of might
 l - a potion of ambrosia
 n - a potion of curing
 q - a potion of invisibility
 t - a potion of berserk rage
 w - a potion of cancellation
 A - a potion of resistance


   Skills:
 + Level 5.5(6.6) Fighting
 - Level 2.1(3.0) Short Blades
 + Level 5.6 Dodging
 + Level 5.2(6.3) Spellcasting
 + Level 3.1(4.6) Conjurations
 + Level 6.7 Fire Magic
 + Level 4.0(5.6) Alchemy
 - Level 1.2 Invocations
 + Level 5.7 Evocations


You had 8 spell levels left.
You knew the following spells:

 Your Spells              Type           Power      Damage    Failure   Level
a - Foxfire               Conj/Fire      100%       2x1d9     1%          1
b - Scorch                Fire           68%        2d7       1%          2
c - Ignite Poison         Fire/Alch      32%        N/A       4%          4
d - Mephitic Cloud        Conj/Alch/Air  13%        N/A       4%          3
e - Dazzling Flash        Conj/Hex       22%        N/A       7%          3

Your spell library contained the following spells:

 Spells                   Type           Power      Damage    Failure   Level
 Ensorcelled Hibernation  Hex/Ice        8%         N/A       9%          2
 Passwall                 Erth           4%         N/A       17%         3
 Swiftness                Air            4%         N/A       17%         3
 Curse of Agony           Necr           4%         N/A       82%         5
 Silence                  Hex/Air        2%         N/A       82%         5


Dungeon Overview and Level Annotations

Branches:
Dungeon (8/15)             Temple (1/1) D:5           Sewer (visited)
   Lair: D:8-11

Altars:
Ashenzari
Cheibriados
Dithmenos
Fedhas
Gozag
Hepliaklqana
Kikubaaqudgha
Makhleb
Nemelex Xobeh
Okawaru
Qazlal
Trog
Wu Jian
Xom
Yredelemnul

Annotations:
D:8 Grum


Innate Abilities, Weirdness & Mutations

You have large cloven feet.
You have a pair of small horns on your head.
Your demonic aura sometimes causes spilled blood to erupt in flames.
You regenerate a little health from kills.
Your touch may inflict minor irresistible damage on your foes.


Message History

a +0 flail; a boomerang; an orc corpse
Casting: Foxfire (safe; 1% risk of failure)
Confirm with . or Enter, or press ? or * to list all spells.
You feel a surge of power!
You conjure some foxfire!
The wolf bites you. The wolf bites you but does no damage.
The howler monkey misses you. Grum completely misses you.
The wolf bites you but does no damage.
The foxfire hits the wolf!
You kill the wolf!
The foxfire hits the wolf!
The wolf is moderately wounded.
The wolf bites you. The howler monkey hits you.
Your base Alchemy skill increases to level 4!
Casting: Foxfire (safe; 1% risk of failure)
Confirm with . or Enter, or press ? or * to list all spells.
Aiming: Mephitic Cloud (dangerous; 4% risk of failure)
Press: ? - help, Shift-Dir - straight line
Okay, then.
Casting: Mephitic Cloud (dangerous; 4% risk of failure)
Confirm with . or Enter, or press ? or * to list all spells.
Aiming: Mephitic Cloud (dangerous; 4% risk of failure)
Press: ? - help, Shift-Dir - straight line
Okay, then.
Unknown command.
Okay, then.
As you read the scroll of teleportation, it crumbles to dust.
You feel strangely unstable. The wolf bites you but does no damage.
Grum hits you from afar with a -1 halberd!!
* * * LOW HITPOINT WARNING * * *
The wolf closely misses you. The howler monkey barely misses you.
You hit the wolf but do no damage. Your touch misses the wolf.
The wolf is moderately wounded.
The wolf bites you.
* * * LOW HITPOINT WARNING * * *
Grum lets out an intimidating howl.
Grum hits you from afar with a -1 halberd.
* * * LOW HITPOINT WARNING * * *
The howler monkey hits you but does no damage.
The wolf completely misses you.
Grum hits you from afar with a -1 halberd!!
You die...

....#.# ......#
+###.. ..
...##..........
####...
...########....
#....... ...#
#....####...#...
...#
#.............#
...#
......)....)#.#
...# #○.h†.....# #
######
##@hg)<####.# #
#..
####.#.)<.....# ##
#.#
#.............#
.###.#
#..............
...#.#
#..............
##.#.#
####.##'######.##g
#...# ..........#
... ##..#
..........# .^
#..###
#...........##.#


You could see Grum, a wolf and a howler monkey.

Vanquished Creatures
  Pikel (D:7)
  Maurice (D:7)
  A wyvern (D:8)
  3 steam dragons
  2 water moccasins
  2 ice beasts
  2 ogres
  2 black bears (D:7)
  A centaur (D:6)
  2 wolves (D:8)
  2 lemures (D:7)
  A phantom (D:4)
  2 kobold brigands (D:6)
  7 bullfrogs
  2 scorpions
  3 bombardier beetles
  A jelly (D:5)
  2 orc priests (D:8)
  A gnoll bouda (D:7)
  3 hounds (D:5)
  4 iguanas
  A sleepcap (D:4)
  Ijyb (D:5)
  3 gnolls (D:7)
  18 adders
  5 river rats
  A shadow imp (D:6)
  4 white imps
  2 ufetubi (D:5)
  A dart slug (D:1)
  6 ribbon worms
  19 orcs
  3 bats (D:2)
  12 endoplasms
  4 giant cockroaches
  9 goblins
  2 hobgoblins
  6 quokkas
  18 ball pythons
  5 frilled lizards
  19 kobolds
  30 rats
214 creatures vanquished.

Vanquished Creatures (others)
  331 foxfires
331 creatures vanquished.

Grand Total: 545 creatures vanquished

Notes
Turn   | Place    | Note
-------+----------+-------------------------------------------
     0 | D:1      | booth the Demonspawn Wanderer began the quest for the Orb.
     0 | D:1      | booth set off with the following items: a +0 short sword, a
                  | +0 helmet, a potion of brilliance, a +0 robe; and the
                  | following spell memorised: Foxfire; and the following
                  | spells available to memorise: Scorch, Ignite Poison.
     0 | D:1      | Reached XP level 1. HP: 13/13 MP: 2/2
   259 | D:1      | Gained mutation: Your demonic aura sometimes causes spilled
                  | blood to erupt in flames. [demonic ancestry]
   259 | D:1      | Reached XP level 2. HP: 19/19 MP: 0/3
   262 | D:1      | Learned a level 2 spell: Scorch
  1134 | D:2      | Reached XP level 3. HP: 24/24 MP: 3/5
  1226 | D:2      | Found a faded altar of an unknown god.
  1273 | D:2      | Identified the +0 robe "Farph" {+Blink}
  1342 | D:2      | Reached skill level 3 in Fire Magic
  2321 | D:3      | Reached XP level 4. HP: 31/31 MP: 2/6
  2505 | D:3      | Reached skill level 1 in Fighting
  2894 | D:3      | Learned a level 4 spell: Ignite Poison
  2946 | D:4      | Discovered your monstrous ancestry.
  2946 | D:4      | Gained mutation: Your touch may inflict minor irresistible
                  | damage on your foes. [demonic ancestry]
  2946 | D:4      | Reached XP level 5. HP: 37/37 MP: 6/8
  3027 | D:4      | Noticed an ice beast
  3048 | D:4      | Noticed a phantom
  3067 | D:4      | Killed an ice beast
  3074 | D:4      | Killed a phantom
  3075 | D:4      | Gained mutation: You have a pair of small horns on your
                  | head. [demonic ancestry]
  3075 | D:4      | Reached XP level 6. HP: 18/44 MP: 1/9
  3195 | D:4      | Reached skill level 4 in Fire Magic
  3554 | D:4      | Noticed a water moccasin
  3562 | D:4      | Killed a water moccasin
  3563 | D:4      | Reached XP level 7. HP: 31/51 MP: 3/11
  4095 | D:5      | Entered Level 5 of the Dungeon
  4197 | D:5      | Found a staircase to the Ecumenical Temple.
  4212 | Temple   | Entered the Ecumenical Temple
  4223 | Temple   | Became a worshipper of Ashenzari the Shackled
  4373 | D:5      | Noticed Ijyb
  4384 | D:5      | Killed Ijyb
  4572 | D:5      | Found a glowing drain.
  4600 | Sewer    | Entered a sewer
  4877 | Sewer    | Reached skill level 5 in Fire Magic
  5183 | D:5      | Gained mutation: You have large cloven feet. [demonic
                  | ancestry]
  5183 | D:5      | Reached XP level 8. HP: 58/58 MP: 10/13
  5253 | D:5      | Found an iron altar of Okawaru.
  5924 | D:6      | Reached skill level 6 in Fire Magic
  6136 | D:6      | Learned a level 3 spell: Mephitic Cloud
  6464 | D:6      | Reached skill level 1 in Alchemy
  6602 | D:6      | Learned a level 3 spell: Dazzling Flash
  6761 | D:7      | Noticed Pikel
  6990 | D:7      | Killed Pikel
  6991 | D:7      | Reached skill level 1 in Conjurations
  6991 | D:7      | Reached XP level 9. HP: 56/68 MP: 7/16
  7137 | D:7      | Reached * piety under Ashenzari
  7137 | D:7      | Identified a scroll of acquirement
  7138 | D:7      | Acquired a staff of fire
  7267 | D:7      | Found a flagged portal.
  7278 | D:7      | Reached skill level 5 in Dodging
  7278 | D:7      | Reached skill level 5 in Evocations
  8066 | D:7      | Noticed Maurice
  8073 | D:7      | Maurice stole a +1 short sword of draining
  8076 | D:7      | Killed Maurice
  8077 | D:7      | Reached skill level 5 in Fighting
  8334 | D:7      | Reached skill level 5 in Spellcasting
  8479 | D:7      | Found a blossoming altar of Fedhas.
  8484 | D:7      | Found an opulent altar of Gozag.
  8864 | D:8      | Noticed Grum
  8986 | D:8      | Reached ** piety under Ashenzari
  9018 | D:8      | Gained mutation: You regenerate a little health from kills.
                  | [demonic ancestry]
  9018 | D:8      | Reached XP level 10. HP: 50/77 MP: 19/19
  9030 | D:8      | Mangled by Grum

Illustrated notes

Levels and vault maps discovered:
D:1:      wander_arrival_fairy_ring, layout_rooms,
          amcnicky_mini_rare_corridor_liquid, hangedman_glass_teeth,
          minmay_door_square, minmay_strange_pillars
D:2:      minmay_chambers_of_twos, layout_rooms,
          hellmonk_ecumenical_altar_arch_garden
D:3:      minmay_skewed_foursquare, layout_loops_ring
D:4:      layout_basic
D:5:      layout_loops_ring, old_standard_altar, minmay_temple_entry_slanted,
          portal_sewer_entry_b, uniq_ijyb
D:6:      layout_rooms, tso_oasis_becter, mainiacjoe_overflow_surrounded_room,
          minivault_25
D:7:      layout_loops_corners, lemuel_crystal_altar, jmf_multi_god_temple2,
          enter_bailey_5, uniq_pikel, uniq_maurice
D:8:      layout_basic, lemuel_doored_altar, uniq_grum
Temple:   hellmonk_temple_flake

Skill      XL: |  1  2  3  4  5  6  7  8  9 10 |
---------------+-------------------------------+-----
Short Blades   | 2 |  2.1
Dodging        | 2 3 4 5 |  5.6
Fire Magic     | 3 4 5 6 |  6.7
Fighting       | 1 2 3 4 5 |  5.5
Evocations     | 2 3 4 5 |  5.7
Spellcasting   | 2 3 4 5 |  5.2
Alchemy        | 2 3 4 |  4.0
Conjurations   | 1 3 |  3.1
Invocations    | |  1.2

Action                     |  1- 3 |  4- 6 |  7- 9 | 10-12 || total
---------------------------+-------+-------+-------+-------++-------
  Melee: Short sword       |    89 |    51 |   130 |       ||   270
         Touch             |       |     8 |    39 |     2 ||    49
         Headbutt          |       |     5 |    50 |     2 ||    57
         Dagger            |       |       |    47 |       ||    47
         Punch             |       |       |     3 |       ||     3
         Staff             |       |       |    81 |     5 ||    86
  Throw: Boomerang         |       |       |    15 |       ||    15
   Cast: Foxfire           |    48 |    29 |   118 |     3 ||   198
         Scorch            |     3 |     9 |    23 |       ||    35
         Ignite Poison     |       |       |     3 |       ||     3
         Mephitic Cloud    |       |       |     2 |       ||     2
 Invoke: Curse Item        |       |       |     3 |       ||     3
    Use: Scroll            |     7 |     2 |     7 |     1 ||    17
         Potion            |     1 |       |     3 |       ||     4
   Stab: Sleeping          |       |     1 |     1 |       ||     2
 Armour: Robe              |    47 |    26 |    66 |       ||   139
         Steam dragon scal |       |       |   108 |    14 ||   122
         Skin              |       |       |     2 |       ||     2
  Dodge: Dodged            |    57 |    27 |   212 |    12 ||   308
